 Dungeon Crawl Stone Soup version 0.28.0 (webtiles) character file.

Game seed: 11515190570222224252

17 bande the Covered (level 2, -2/19 HPs)
             Began as a Gargoyle Fighter on Feb 15, 2022.
             Killed from afar by Terence (4 damage)
             ... with a puff of flame
             ... on level 2 of the Dungeon.
             The game lasted 00:01:51 (1007 turns).

bande the Covered (Gargoyle Fighter)                Turns: 1007, Time: 00:01:52

Health: -2/19      AC:  9    Str: 19    XL:     2   Next: 62%
Magic:  2/2        EV:  9    Int:  8    God:
Gold:   41         SH:  4    Dex:  9    Spells: 1/1 levels left

rFire   . . .      SeeInvis .   a - +0 war axe
rCold   . . .      Faith    .   c - +0 buckler
rNeg    + . .      Spirit   .   b - +0 scale mail
rPois   ∞          Reflect  .   (no helmet)
rElec   +          Harm     .   (no cloak)
rCorr   .          Rampage  .   (no gloves)
Will    .....                   (no boots)
Stlth   ..........              (no amulet)
HPRegen 0.06/turn               (no ring)
MPRegen 0.08/turn               (no ring)

@: no status effects
A: sickness immunity, AC +2, negative energy resistance 1, electricity
resistance, torment resistance 1, petrification resistance
a: no special abilities


You were on level 2 of the Dungeon.
You visited 1 branch of the dungeon, and saw 2 of its levels.

You collected 41 gold pieces.

Inventory:

Hand Weapons
 a - a +0 war axe (weapon)
Armour
 b - a +0 scale mail (worn)
 c - a +0 buckler (worn)
Scrolls
 e - a scroll of amnesia {unknown}
 g - a scroll of enchant armour {unknown}
 h - a scroll of noise {unknown}
Potions
 d - 2 potions of might
 f - a potion of berserk rage {unknown}


   Skills:
 + Level 3.4 Fighting
 + Level 2.0 Axes
 + Level 3.6 Armour
 - Level 0.2 Dodging
 + Level 3.5 Shields


You had one spell level left.
You didn't know any spells.
Your spell library contained the following spells:

 Spells                   Type           Power      Damage    Failure   Level
 Pain                     Necr           0%         1d4       86%         1
 Agony                    Necr           0%         N/A       100%        5
 Excruciating Wounds      Necr           0%         N/A       100%        5


Dungeon Overview and Level Annotations

Branches:
Dungeon (2/15)

Altars:

Annotations:
D:2 Terence


Innate Abilities, Weirdness & Mutations

You are immune to sickness and miasma.
Your stone body is resilient. (AC +2)
You are immune to poison.
You resist negative energy. (rN+)
You are resistant to electric shocks. (rElec)
You are resistant to unholy torment.
You are immune to petrification.


Message History

Partly explored, can't reach some places.
Partly explored, can't reach some places.
Partly explored, can't reach some places.
You see here a rat corpse.
There is a stone staircase leading down here.
You climb downwards.
Found a scroll labelled SYIDEYCODA.
There is a stone staircase leading up here.
h - a scroll labelled SYIDEYCODA
As you read the scroll labelled ELYUSU BATE, it crumbles to dust.
Wisps of shadow whirl around you...
It was a scroll of summoning.
You swap places.
Found a stone staircase leading up.
You swap places.
You swap places.
e - a scroll labelled KATAUR WOAGYUPS You now have 41 gold pieces (gained 7).
Your bat dissolves into shadows!
A hobgoblin comes into view.
The hobgoblin shouts!
You hear a shout!
Terence the Incautious comes into view.
He is wielding a +1 vorpal hand axe and carrying a wand of flame (19).
A ball python comes into view.
Terence shouts!
The ball python hisses angrily.
You block the hobgoblin's attack.
You closely miss Terence. You hit the hobgoblin.
You kill the hobgoblin!
Terence hits you with a +1 vorpal hand axe.
An endoplasm comes into view.
Your Axes skill increases to level 2!
You closely miss Terence.
Your adder dissolves into shadows!
Terence zaps a wand.
The puff of flame hits you!
Terence hits you with a +1 vorpal hand axe.
* * * LOW HITPOINT WARNING * * *
x2 You are too injured to fight recklessly!
You are too injured to fight recklessly!
You are too injured to fight recklessly!
Unknown command.
The endoplasm jiggles.
Terence zaps a wand.
The puff of flame hits you.
You die...

...##...## #.#
##.#.###w###.# #....#
#...#.#
#..#.###.#.#.######
#..##S<.##.#....<.#
#..##........####.#
######.#.##............#
............###.#........
.#####...#### #@#####..##
#...# #.# .# #...######.#
.# #........@.# .#
##......#### ##.###.# #.#
#J# #.# #.# #.# #S#


You could see Terence.

Vanquished Creatures
  An endoplasm (D:1)
  A goblin (D:1)
  5 hobgoblins
  2 quokkas (D:1)
  2 bats (D:1)
  2 frilled lizards (D:1)
  2 rats (D:1)
15 creatures vanquished.

Notes
Turn   | Place    | Note
-------+----------+-------------------------------------------
     0 | D:1      | bande the Gargoyle Fighter began the quest for the Orb.
     0 | D:1      | Reached XP level 1. HP: 14/14 MP: 1/1
   527 | D:1      | Reached XP level 2. HP: 16/19 MP: 2/2
   989 | D:2      | Noticed Terence
  1007 | D:2      | Killed from afar by Terence

Illustrated notes

Levels and vault maps discovered:
D:1:      denvon_arrival_planthouse, layout_rooms, interstate_on_off,
          serial_park_tiny_pond
D:2:      minmay_recursive_quarters, layout_loops_ring, uniq_crazy_yiuf_cottage,
          uniq_terence

Skill      XL: |  1  2 |
---------------+-------+-----
Axes           | 2 |  2.0
Fighting       | |  3.4
Armour         | |  3.6
Dodging        | |  0.2
Shields        | |  3.5

Action                   || total
-------------------------++-------
Melee: War axe           ||    32
  Use: Scroll            ||     3
Armor: Scale mail        ||    23
Dodge: Dodged            ||    16
Block: Buckler           ||     8
